 Dungeon Crawl Stone Soup version 0.18.1-2-ga659475 (webtiles) character file.

340 inmateoo the Sneak (level 6, -2/43 HPs)
             Began as a Vampire Venom Mage on May 8, 2016.
             Slain by an iguana (7 damage)
             ... on level 5 of the Dungeon.
             The game lasted 00:07:43 (3065 turns).

inmateoo the Sneak (Vampire Venom Mage)             Turns: 3065, Time: 00:07:44

Health: -2/43      AC:  8    Str: 12    XL:     6   Next: 30%
Magic:  10/10      EV: 14    Int: 18    God:
Gold:   201        SH:  0    Dex: 16    Spells: 3 memorised, 5 levels left

rFire  . . .     SeeInvis +     g - +0 dagger (venom)
rCold  + + .     Gourm    .     d - +2 animal skin
rNeg   + + +     Faith    .     (no shield)
rPois  ∞         Spirit   .     a - +2 helmet
rElec  .         Dismiss  .     (no cloak)
rCorr  .         Reflect  .     m - +0 pair of gloves
SustAt .         Harm     .     (no boots)
MR     .....                    (no amulet)
Stlth  ++++......               q - +5 ring of strength
                                h - ring of positive energy

@: bloodless, non-regenerating, not resistant to hostile enchantments, stealthy
A: fangs 3, see invisible, unbreathing
a: Bat Form


You were on level 5 of the Dungeon.
You were bloodless.

You visited 1 branch of the dungeon, and saw 5 of its levels.

You collected 201 gold pieces.

Inventory:

Hand Weapons
 c - a +0 battleaxe of freezing
 g - a +0 dagger of venom (weapon)
Armour
 a - a +2 helmet (worn)
 d - a +2 animal skin (worn)
 k - a +0 scale mail
 m - a +0 pair of gloves (worn)
Jewellery
 h - a ring of positive energy (left hand)
 q - a +5 ring of strength (right hand)
Wands
 p - a wand of random effects (23/48)
 A - a wand of confusion (42/48)
Scrolls
 j - a scroll of remove curse
 r - 2 scrolls of magic mapping
 y - a scroll of recharging
Potions
 e - 6 potions of curing {unknown}
 f - a potion of berserk rage {unknown}
 i - 2 potions of flight {unknown}
 l - a potion of beneficial mutation {unknown}
 n - a potion of mutation {unknown}
 o - a potion of agility {unknown}
 t - a potion of haste {unknown}
 u - a potion of lignification {unknown}
 v - 2 potions of heal wounds {unknown}
 x - a potion of magic {unknown}
 z - a potion of invisibility
Books
 b - a Young Poisoner's Handbook

   Spells                             Type                      Level
   a - Sting                          Conjuration/Poison           1
   b - Cure Poison                    Poison                       2
   c - Mephitic Cloud                 Conjuration/Poison/Air       3
   d - Olgreb's Toxic Radiance        Poison                       4
   e - Venom Bolt                     Conjuration/Poison           5
Miscellaneous
 s - a plain deck of defence {drawn: 2}


   Skills:
 + Level 1.0 Fighting
 + Level 1.4 Short Blades
 - Level 0.1 Armour
 + Level 3.8 Dodging
 + Level 5.8 Stealth
 + Level 3.2 Spellcasting
 - Level 4.4 Poison Magic


You had 5 spell levels left.
You knew the following spells:

 Your Spells              Type           Power        Failure   Level  Hunger
a - Sting                 Conj/Pois      ##..         8%          1    None
b - Cure Poison           Pois           ###.......   4%          2    ##.....
c - Mephitic Cloud        Conj/Pois/Air  #.......     30%         3    ###....


Dungeon Overview and Level Annotations

Branches:
Dungeon (5/15)
 Temple: D:4-7

Altars:
Gozag
Nemelex Xobeh
Okawaru
Qazlal
Xom
Zin


Innate Abilities, Weirdness & Mutations

You do not heal naturally.
You are immune to poison.
You have razor-sharp teeth.
You have supernaturally acute eyesight.
You can survive without breathing.


Message History

The adder is heavily wounded.
The adder bites you.
You hit the adder.
You kill the adder!
Evoke which item? (* to show all) (? for menu, Esc to quit)
Zapping:
A - a wand of confusion {recharged} (will waste charges)
Press: ? - help, Shift-Dir - straight line, f - iguana
Aim: an iguana (chance to defeat MR: 54%)
The iguana resists with significant effort.
Evoking this partially-identified wand wasted a few charges.
The iguana bites you!
* * * LOW HITPOINT WARNING * * *
Evoke which item? (* to show all) (? for menu, Esc to quit)
Zapping:
A - a wand of confusion {zapped: 3} (will waste charges)
Press: ? - help, Shift-Dir - straight line, f/p - iguana
Aim: an iguana (chance to defeat MR: 54%)
The iguana resists with significant effort.
Evoking this partially-identified wand wasted a few charges.
The iguana bites you!
You die...

._..................##...
.......................##
.........................
..#......%......<......##
#.......(.........%..#
#...................##
#.###..##..###.###### #.
##.###.......# #
#@##....#..## #.
#l##.##....#
#..###.##......##
#.S....#..###.#
#...#.....# #.#####
#...###...## #.....#
#....l .....# #.###.#
.....#. .).#..# #.# #.#
###.##.._..##.# #.# #.#


You could see an iguana.

Vanquished Creatures
  A giant frog skeleton (D:5)
  Jessica (D:2)
  Ijyb (D:3)
  2 worker ants
  Terence (D:1)
  Robin (D:2)
  7 adders
  A shadow imp (D:5)
  An ooze (D:1)
  A worm (D:2)
  4 dart slugs
  2 giant geckos
  6 orcs
  2 ball pythons
  8 bats
  4 giant cockroaches
  11 goblins
  12 hobgoblins
  5 jackals
  A giant gecko skeleton (D:4)
  6 giant newts
  7 kobolds
  9 rats
  A butterfly (D:2)
95 creatures vanquished.

Notes
Turn   | Place    | Note
--------------------------------------------------------------
     0 | D:1      | inmateoo the Vampire Venom Mage began the quest for the Orb.
     0 | D:1      | Reached XP level 1. HP: 13/13 MP: 3/3
   179 | D:1      | Reached XP level 2. HP: 17/19 MP: 5/5
   730 | D:2      | Noticed Terence
   746 | D:1      | Killed Terence
   746 | D:1      | Reached skill level 4 in Stealth
   746 | D:1      | Reached XP level 3. HP: 12/24 MP: 0/6
   903 | D:2      | Noticed Jessica
   914 | D:2      | Killed Jessica
   914 | D:2      | Reached XP level 4. HP: 24/30 MP: 2/7
   942 | D:2      | Learned a level 2 spell: Cure Poison
   951 | D:2      | Learned a level 3 spell: Mephitic Cloud
  1122 | D:2      | Found a stormy altar of Qazlal.
  1176 | D:2      | Noticed Robin
  1188 | D:2      | Killed Robin
  1222 | D:2      | Reached XP level 5. HP: 29/35 MP: 9/9
  1234 | D:2      | Reached skill level 5 in Stealth
  1332 | D:2      | Found a sparkling altar of Nemelex Xobeh.
  1341 | D:2      | Found a shimmering altar of Xom.
  1891 | D:3      | Found a glowing silver altar of Zin.
  2038 | D:3      | Noticed Ijyb
  2051 | D:3      | Killed Ijyb
  2213 | D:4      | Noticed a phantom
  2401 | D:5      | Entered Level 5 of the Dungeon
  2406 | D:5      | Reached skill level 1 in Short Blades
  2406 | D:5      | Reached XP level 6. HP: 34/42 MP: 10/10
  2775 | D:4      | Got a dazzling hand axe
  2776 | D:4      | Identified the cursed +1 hand axe "Zuicvyu" {flame, rElec rF- MR- Stlth+} (You found it on level 4 of the Dungeon)
  2992 | D:5      | Found an opulent altar of Gozag.
  3029 | D:5      | Found a sparkling altar of Nemelex Xobeh.
  3035 | D:5      | Reached skill level 1 in Fighting
  3048 | D:5      | Found an iron altar of Okawaru.
  3065 | D:5      | Slain by an iguana

Skill      XL: |  1  2  3  4  5  6 |
---------------+-------------------+-----
Stealth        | 4 5 |  5.8
Poison Magic   | 4 |  4.4
Dodging        | 3 |  3.8
Spellcasting   | 3 |  3.2
Short Blades   | 1 |  1.4
Fighting       | 1 |  1.0
Armour         | |  0.1

Action                   |  1- 3 |  4- 6 || total
-------------------------+-------+-------++-------
Melee: Spear             |    12 |       ||    12
       Unarmed           |     5 |       ||     5
       Bite              |     4 |    29 ||    33
       Dagger            |    43 |   231 ||   274
       Battleaxe         |       |    15 ||    15
       Hand axe          |       |    13 ||    13
 Cast: Sting             |    14 |    15 ||    29
       Cure Poison       |       |     1 ||     1
Evoke: Deck              |       |     2 ||     2
       Wand              |       |     2 ||     2
  Use: Scroll            |       |    10 ||    10
 Stab: Sleeping          |     2 |     7 ||     9
       Distracted        |       |     1 ||     1
  Eat: Corpse            |     1 |       ||     1
Armor: Leather armour    |    15 |    19 ||    34
       Robe              |     2 |       ||     2
       Animal skin       |       |    57 ||    57
Dodge: Dodged            |    40 |   180 ||   220
